 Dungeon Crawl Stone Soup version 0.25-a0-1133-g93ebf739aa (webtiles) character file.

Game seed: 17308417599123507735, levelgen mode: deterministic

35 gruber the Changer (level 3, -2/28 HPs)
             Began as a Draconian Transmuter on May 22, 2020.
             Slain by an iguana (3 damage)
             ... on level 2 of the Dungeon.
             The game lasted 00:01:33 (1520 turns).

gruber the Changer (Draconian Transmuter)           Turns: 1520, Time: 00:01:34

Health: -2/28      AC:  2    Str: 12    XL:     3   Next: 17%
Magic:  4/6        EV: 19    Int: 20    God:
Gold:   31         SH:  0    Dex: 16    Spells: 1/7 levels left

rFire    . . .     SeeInvis .     - Unarmed
rCold    . . .     Gourm    .   (shield currently unavailable)
rNeg     . . .     Faith    .   (armour unavailable)
rPois    x         Spirit   .   (helmet currently unavailable)
rElec    .         Reflect  .   (cloak currently unavailable)
rCorr    .         Harm     .   (gloves currently unavailable)
MR       .....                  (boots currently unavailable)
Stlth    +.........             (no amulet)
HPRegen  0.09/turn              d - +6 ring of intelligence
MPRegen  0.10/turn              i - ring of wizardry

@: spider-form (expiring)
A: tiny, unfitting armour, AC +5
a: End Transformation


You were on level 2 of the Dungeon.
You were not hungry.
You were a venomous arachnid creature.
You visited 1 branch of the dungeon, and saw 2 of its levels.

You collected 31 gold pieces.

Inventory:

Missiles
 a - 25 arrows
Armour
 e - a +0 pair of boots (melded)
Jewellery
 d - a +6 ring of intelligence (left front leg)
 i - a ring of wizardry (right front leg)
Scrolls
 f - a scroll of enchant weapon {unknown}
 g - 4 scrolls of enchant armour {unknown}
Potions
 b - a potion of lignification {unknown}
 h - a potion of curing {unknown}
Comestibles
 c - 3 rations
 j - 2 chunks of flesh


   Skills:
 - Level 1.1 Fighting
 - Level 1.7 Dodging
 - Level 3.0 Unarmed Combat
 + Level 2.6 Spellcasting
 * Level 3.1 Transmutations


You had one spell level left.
You knew the following spells:

 Your Spells              Type           Power        Failure   Level  Hunger
a - Beastly Appendage     Tmut           ###...       5%          1    None
b - Sticks to Snakes      Tmut           ###.....     7%          2    ##.....
c - Spider Form           Tmut/Pois      #.........   21%         3    ###....

Your spell library contained the following spells:

 Spells                   Type           Power        Failure   Level  Hunger
 Ice Form                 Ice/Tmut       #.......     45%         4    ####...
 Blade Hands              Tmut           ###.......   58%         5    ######.


Dungeon Overview and Level Annotations

Branches:
Dungeon (2/15)

Altars:


Innate Abilities, Weirdness & Mutations

((Your plain brown scales are hard. (AC +5)))
You cannot fit into any form of body armour.
((You are cold-blooded and may be slowed by cold attacks.))


Message History

You hit the hobgoblin but do no damage.
The hobgoblin is almost dead.
You kill the hobgoblin!
You bite the leopard gecko!
You kill the leopard gecko!
You hit the iguana.
The iguana is moderately wounded.
Your transformation is almost over.
You hit the iguana but do no damage.
The iguana is poisoned.
The iguana is moderately wounded.
The iguana bites you!
You hit the iguana.
The iguana looks as sick as possible!
The iguana is moderately wounded.
The iguana bites you!
Ouch! That really hurt!
* * * LOW HITPOINT WARNING * * *
You hit the iguana but do no damage.
The iguana looks as sick as possible!
The iguana is moderately wounded.
The iguana bites you.
You die...

#.###...÷##.#####...###.##.
......####.........# #..#.
#####....'.........# #..##
#####..###.........# #...#
#......# #......#### #.#.#
#......########## #.#.#
#......÷..#### #.#.#
#............# #.#.#
#.....###s#### #....
#.....###l########## ####.
#####............... #.
###............. ##
#............. #
#............. #
#........###.# #........#
#.........


You could see an iguana (extremely poisoned).

Vanquished Creatures
  A gnoll (D:1)
  A dart slug (D:1)
  A leopard gecko (D:2)
  A ball python (D:1)
  2 bats
  2 giant cockroaches (D:1)
  4 hobgoblins
  4 kobolds (D:1)
  A quokka (D:2)
  4 rats (D:1)
21 creatures vanquished.

Notes
Turn   | Place    | Note
-------+----------+-------------------------------------------
     0 | D:1      | gruber the Draconian Transmuter began the quest for the
                  | Orb.
     0 | D:1      | Reached XP level 1. HP: 16/16 MP: 3/3
   413 | D:1      | Reached XP level 2. HP: 23/23 MP: 3/5
   605 | D:1      | Learned a level 2 spell: Sticks to Snakes
   915 | D:1      | Reached XP level 3. HP: 24/28 MP: 4/6
  1353 | D:2      | Learned a level 3 spell: Spider Form
  1519 | D:2      | HP: 1/28 [iguana (14)]
  1520 | D:2      | Slain by an iguana

Illustrated notes

Levels and vault maps discovered:
D:1:      saegor_arrival_simple_b, layout_basic, st_stairs_5,
          minmay_tetromino_o2
D:2:      layout_basic, first_ration

Skill      XL: |  1  2 |
---------------+-------+-----
Transmutations | 3 |  3.1
Fighting       | |  1.1
Dodging        | |  1.7
Unarmed Combat | |  3.0
Spellcasting   | |  2.6

Action                   || total
-------------------------++-------
Melee: Unarmed           ||    76
       Kick              ||     4
       Tailslap          ||     3
       Headbutt          ||     3
 Cast: Beastly Appendage ||    13
       Spider Form       ||     1
 Stab: Sleeping          ||     1
  Eat: Chunk             ||     2
Armor: Skin              ||    21
Dodge: Dodged            ||    63

Table legend:
 A = Non-vault XP
 B = Vault XP
 C = Vault XP percentage of total XP
 D = Non-vault monster count
 E = Vault monster count
 F = Vault count percentage of total count
                 A         B        C        D         E       F
            +---------+---------+-------+---------+---------+-------
      Total |      42 |       9 |  17.6 |      17 |       4 |  19.0
            +---------+---------+-------+---------+---------+-------
        D:1 |      34 |       9 |  20.9 |      13 |       4 |  23.5
        D:2 |       8 |       0 |   0.0 |       4 |       0 |   0.0
            +---------+---------+-------+---------+---------+-------
